 Dungeon Crawl Stone Soup version 0.30.0-11-gf55b779eaf (webtiles) character file.

Game seed: 175692511057076394

30650 Jackthecabe the Thaumaturge (level 13, -3/96 HPs)
             Began as a Djinni Fire Elementalist on May 16, 2023.
             Was an Elder of Makhleb.
             Slain by a death yak (10 damage)
             ... led by a torpor snail
             ... on level 4 of the Lair of Beasts.
             The game lasted 00:38:10 (19036 turns).

Jackthecabe the Thaumaturge (DjFE)                 Turns: 19036, Time: 00:38:14

Health: -3/96      AC:  9    Str:  9    XL:     13   Next: 90%
Gold:   593        EV: 15    Int: 23    God:    Makhleb [****..] SH:  0 Dex: 13

rFire   + + .        i - +6 dagger of Arrival {freeze, Fly Str+2}
rCold   x . .        (no shield)
rNeg    . . .        a - +0 robe
rPois   ∞            (no helmet)
rElec   .            J - +0 cloak
rCorr   .            w - +0 pair of gloves
SInv    +            (boots unavailable)
Will    +....        (no amulet)
Stlth   ++           T - +4 ring of protection
HPRegen 0.36/turn    v - ring of see invisible
MPRegen 0.00/turn

%: infuse magic (-4 HP)
@: flying, slowed, very slow
A: sickness immunity, fire resistance 2, cold vulnerability 1, float, innate
caster, HP casting, extra vitality 1
a: Renounce Religion, Minor Destruction, Lesser Servant of Makhleb, Major
Destruction


You were on level 4 of the Lair of Beasts.
You worshipped Makhleb.
Makhleb was greatly pleased with you.
You visited 3 branches of the dungeon, and saw 16 of its levels.

You collected 983 gold pieces.
You spent 390 gold pieces at shops.


Innate Abilities, Weirdness & Mutations

You are immune to sickness and miasma.
You are immune to poison.
Your flesh is very heat resistant. (rF++)
You are vulnerable to cold. (rC-)
You float through the air rather than walking.
You learn spells naturally, not from books.
Your magical power is your life essence.
You have superior vitality. (+4 MHP)


   Skills:
 + Level 10.2 Fighting
 - Level 8.0 Armour
 - Level 8.0 Dodging
 - Level 1.5 Stealth
 - Level 12.0 Spellcasting
 - Level 8.0 Invocations
 - Level 4.0 Evocations


You knew the following spells:

 Your Spells              Type           Power      Damage    Failure   Level
c - Ice Form              Ice/Tmut       62%        N/A       1%          4
e - Freeze                Ice            100%       1d10      1%          1
f - Foxfire               Conj/Fire      100%       2x1d9     1%          1
r - Inner Flame           Hex/Fire       62%        N/A       1%          3
s - Searing Ray           Conj           100%       2d8       1%          2
t - Stone Arrow           Conj/Erth      100%       3d13      1%          3
w - Wereblood             Tmut           62%        N/A       1%          2
S - Silence               Hex/Air        31%        N/A       1%          5
X - Scorch                Fire           100%       2d9       1%          2
Y - Volatile Blastmotes   Fire/Tloc      100%       2d18      1%          3
Z - Flame Wave            Conj/Fire      62%        2d14      1%          4
Your spell library was empty.

Inventory:

Hand Weapons
 i - the +6 dagger of Arrival (weapon) {freeze, Fly Str+2}
   (You found it on level 2 of the Dungeon)

   Str:       It affects your strength (+2).
   Fly:       It grants you flight.
 C - a +3 broad axe
 K - a +0 antimagic spear
Missiles
 l - 7 curare-tipped darts {=f}
Armour
 a - a +0 robe (worn)
 w - a +0 pair of gloves (worn)
 J - a +0 cloak (worn)
Magical Staves
 b - a staff of earth {!a}
Jewellery
 v - a ring of see invisible (right hand)
 N - a ring of positive energy
 T - a +4 ring of protection (left hand)
Wands
 p - a wand of roots (18)
 s - a wand of flame (50)
 B - a wand of light (24)
 O - a wand of charming (7)
Scrolls
 e - 2 scrolls of fear
 f - 4 scrolls of amnesia {unknown}
 k - 4 scrolls of summoning
 m - 7 scrolls of teleportation {@r2}
 n - 2 scrolls of silence {!r}
 o - 2 scrolls of enchant weapon
 t - a scroll of immolation
 u - a scroll of enchant armour
 x - 2 scrolls of fog
 y - 2 scrolls of poison {unknown}
 D - 3 scrolls of blinking
 E - 2 scrolls of magic mapping
 G - 2 scrolls of vulnerability {unknown}
 I - a scroll of brand weapon {unknown}
Potions
 c - 6 potions of curing {@q1}
 d - 3 potions of lignification
 g - 2 potions of resistance {unknown}
 h - 3 potions of brilliance
 j - 4 potions of might
 q - 2 potions of ambrosia
 r - 3 potions of heal wounds {@q2}
 z - a potion of flight {unknown}
 A - a potion of haste {unknown}
 F - a potion of mutation
 H - a potion of berserk rage {!q}
Miscellaneous
 L - a phantom mirror

Dungeon Overview and Level Annotations

Branches:
Dungeon (11/15)            Temple (1/1) D:7            Lair (4/5) D:9
 Shoals (0/4) Lair:3        Snake (0/4) Lair:3          Orc (0/2) D:10
  Slime: Lair:4-5

Altars:
Ashenzari
Cheibriados
Dithmenos
Elyvilon
Fedhas
Gozag
Hepliaklqana
Makhleb
Nemelex Xobeh
Okawaru
Qazlal
Ru
Trog
Uskayaw
Wu Jian
Xom
Yredelemnul
Zin
The Shining One

Shops:
D:4 :   D:5 *   D:9 ?

Annotations:
D:6 3 runed translucent doors, hito's ghost, novice NaRe
D:7 1 runed translucent door, Crazy Yiuf
D:8 Erica

.......................
#P.....................
....................^
..#.#####...........
... #..........P ..
..P#.......#. .
............#
...P.......## .
^..........@# ..
....##....Yw## ... #...
#.......# ...▒ ...
#......#### .....
#......##.###......
#..................
#P..........†.......
....................
............w.......


You could see a death yak and a torpor snail.


Message History

The flame wave engulfs the torpor snail!
The torpor snail is moderately wounded.
* * * LOW HITPOINT WARNING * * *
The death yak gores you!!
* * * LOW HITPOINT WARNING * * *
A wave of flame ripples out!
The flame wave engulfs the torpor snail!
The torpor snail is heavily wounded.
The flame wave engulfs the death yak!
The death yak is burned terribly!
The death yak is severely wounded.
* * * LOW HITPOINT WARNING * * *
You finish channelling waves of flame.
The death yak is no longer more vulnerable to fire.
Unknown command.
Casting: Flame Wave (safe; 1% risk of failure)
Confirm with . or Enter, or press ? or * to list all spells.
Casting: Flame Wave (safe; 1% risk of failure)
Press: ? - help, Dir - look around, f - activate A wave of flame ripples out!
The flame wave engulfs the death yak!
The death yak is severely wounded.
The flame wave engulfs the torpor snail!
The torpor snail is severely wounded. (Press . to intensify the flame waves.)
* * * LOW HITPOINT WARNING * * *
The death yak gores you!
* * * LOW HITPOINT WARNING * * *
The torpor snail bites you.
* * * LOW HITPOINT WARNING * * *
The death yak gores you!
You die...

Skill      XL: |  1  2  3  4  5  6  7  8  9 10 11 12 13 |
---------------+----------------------------------------+-----
Fighting       | 1 2 3 4 5 7 8 10 | 10.2
Spellcasting   | 3 4 5 6 7 9 12 | 12.0
Dodging        | 5 6 8 |  8.0
Armour         | 2 7 8 |  8.0
Invocations    | 1 5 8 |  8.0
Evocations     | 4 |  4.0
Stealth        | |  1.5

Action                     |  1- 3 |  4- 6 |  7- 9 | 10-12 | 13-15 || total
---------------------------+-------+-------+-------+-------+-------++-------
  Melee: Unarmed           |     3 |       |       |       |       ||     3
         Short sword       |    33 |     2 |       |       |       ||    35
         Dagger            |       |    13 |       |     3 |     1 ||    17
   Cast: Foxfire           |    64 |   109 |   137 |   267 |    84 ||   661
         Scorch            |       |     8 |    62 |   116 |    36 ||   222
         Inner Flame       |       |     2 |       |     3 |     6 ||    11
         Flame Wave        |       |       |     3 |    44 |    22 ||    69
         Volatile Blastmot |       |       |       |     4 |     6 ||    10
         Stone Arrow       |       |       |       |    20 |    54 ||    74
         Wereblood         |       |       |       |     2 |       ||     2
  Evoke: Phantom mirror    |       |       |       |     1 |       ||     1
    Use: Scroll            |       |       |       |    15 |     3 ||    18
         Potion            |       |       |       |       |     1 ||     1
   Stab: Sleeping          |       |     1 |       |       |       ||     1
 Armour: Robe              |    10 |     6 |     2 |    39 |    40 ||    97
  Dodge: Dodged            |    34 |    15 |     2 |   134 |    93 ||   278

Levels and vault maps discovered:
D:1:      psy_arrival_basics, layout_loops_corners, minmay_tromino_v7
D:2:      layout_loops_ring, basic_altar, minmay_misc_feat_secret_circle
D:3:      layout_basic, uniq_ijyb
D:4:      layout_basic, serial_shops, shop
D:5:      layout_basic, minmay_overflow_temple_star_hex, serial_shops, shop,
          uniq_duvessa
D:6:      layout_basic, gammafunk_ghost_nasty_kobolds
D:7:      layout_layer_cave, minmay_temple_entry_trees, uniq_crazy_yiuf_cottage
D:8:      layout_gridville, lemuel_doored_altar, chequers_serial_rivers_micro_c,
          kennysheep_boxes, uniq_erica, uniq_maggie
D:9:      layout_basic, overflow_temple_1_default, lemuel_round_altar,
          erik_lair_orcish_takeover, serial_rivers,
          chequers_serial_rivers_small_3, chequers_serial_rivers_marsh,
          chequers_serial_rivers_micro_b, chequers_serial_rivers_small_a,
          chequers_serial_rivers_micro_e, chequers_serial_rivers_room_a,
          serial_shops, nicolae_shop_tiny_statue_garden
D:10:     layout_small_grid, erik_orc_3, onia_ninara_dug_in_and_dangerous,
          uniq_grum
D:11:     layout_loops_corners, lemuel_blue_sif_altar
Temple:   nicolae_temple_ecumenical_triangle
Lair:1:   layout_gridlike, nicolae_lair_grove_arrangements,
          grunt_forest_large_clearings
Lair:2:   layout_gridlike, hangedman_lair_generics_rect, lemuel_fruit_tree,
          uniq_amaemon
Lair:3:   layout_layer_cave, elwin_shoals_entry_rooms,
          minmay_snake_entry_guardpost_small, grunt_megastairs_1,
          serial_bayou_shore_a
Lair:4:   layout_regular_city

Notes
Turn   | Place    | Note
-------+----------+-------------------------------------------
     0 | D:1      | Jackthecabe the Djinni Fire Elementalist began the quest
                  | for the Orb.
     0 | D:1      | Jackthecabe set off with the following spells memorised:
                  | Foxfire, Scorch, Volatile Blastmotes, Inner Flame, Flame
                  | Wave.
     0 | D:1      | Reached XP level 1. HP: 15/15 MP: 0/0
    93 | D:1      | Reached skill level 1 in Fighting
    93 | D:1      | Reached XP level 2. HP: 20/22 MP: 0/0
   323 | D:1      | Reached XP level 3. HP: 26/27 MP: 0/0
   323 | D:1      | Learned a level 1 spell: Freeze
   681 | D:1      | Reached skill level 3 in Spellcasting
   765 | D:1      | Reached skill level 2 in Fighting
  1252 | D:2      | Reached XP level 4. HP: 18/33 MP: 0/0
  1480 | D:2      | Identified the +6 dagger of Arrival {freeze, Fly Str+2}
  1941 | D:3      | Reached XP level 5. HP: 39/40 MP: 0/0
  1941 | D:3      | Learned a level 2 spell: Searing Ray
  2132 | D:3      | Noticed Ijyb
  2140 | D:3      | Killed Ijyb
  2141 | D:3      | Reached skill level 3 in Fighting
  2980 | D:4      | Reached XP level 6. HP: 41/47 MP: 0/0
  3117 | D:4      | Found Elorag Bead's Book Shoppe.
  3368 | D:5      | Entered Level 5 of the Dungeon
  3455 | D:5      | Reached skill level 4 in Fighting
  3455 | D:5      | Reached skill level 4 in Spellcasting
  3590 | D:5      | Noticed an ice beast
  3602 | D:5      | Killed an ice beast
  3603 | D:5      | Reached XP level 7. HP: 49/53 MP: 0/0
  3603 | D:5      | Learned a level 2 spell: Wereblood
  3683 | D:5      | Noticed a water moccasin
  3704 | D:5      | Killed a water moccasin
  3705 | D:5      | Reached skill level 5 in Fighting
  3777 | D:5      | Reached skill level 5 in Spellcasting
  3792 | D:5      | Found a blossoming altar of Fedhas.
  3804 | D:5      | Found a sparkling altar of Nemelex Xobeh.
  3804 | D:5      | Found a white marble altar of Elyvilon.
  3815 | D:5      | Found an iron altar of Okawaru.
  3818 | D:5      | Found a snail-covered altar of Cheibriados.
  3864 | D:5      | Noticed Dowan
  3930 | D:5      | Reached XP level 8. HP: 57/61 MP: 0/0
  4132 | D:5      | Found Ubbed's General Store.
  4140 | D:5      | Bought 2 scrolls of summoning for 247 gold pieces
  4140 | D:5      | Bought a scroll of fear for 52 gold pieces
  4389 | D:5      | Noticed Duvessa
  4407 | D:5      | Reached skill level 6 in Fighting
  4494 | D:5      | Killed Duvessa
  4497 | D:5      | Killed Dowan
  4754 | D:6      | Reached skill level 7 in Fighting
  4754 | D:6      | Reached skill level 6 in Spellcasting
  4970 | D:6      | Reached XP level 9. HP: 63/68 MP: 0/0
  4970 | D:6      | Learned a level 3 spell: Stone Arrow
  5209 | D:6      | Found a runed translucent gate.
  5209 | D:6      | Found a runed translucent gate.
  5209 | D:6      | Found a runed translucent gate.
  5209 | D:6      | Noticed hito's ghost (novice NaRe)
  5211 | D:6      | Noticed a kobold demonologist
  5388 | D:6      | Reached skill level 8 in Fighting
  5579 | D:7      | Found a staircase to the Ecumenical Temple.
  5615 | Temple   | Entered the Ecumenical Temple
  6053 | D:7      | Reached skill level 3 in Dodging
  6356 | D:7      | Reached skill level 7 in Spellcasting
  6599 | D:7      | Found a runed translucent door.
  6600 | D:7      | Noticed Crazy Yiuf
  6946 | D:8      | Reached skill level 4 in Dodging
  7015 | D:8      | Killed an unseen horror
  7016 | D:8      | Reached skill level 5 in Dodging
  7016 | D:8      | Reached XP level 10. HP: 56/76 MP: 0/0
  7044 | D:8      | Noticed Erica
  7385 | D:8      | Noticed Maggie
  7392 | D:8      | Killed Maggie
  7393 | D:8      | Reached skill level 6 in Dodging
  7393 | D:8      | Reached skill level 8 in Spellcasting
  8200 | D:8      | Reached skill level 9 in Spellcasting
  8714 | D:8      | Found a shimmering altar of Xom.
  9180 | D:9      | Reached XP level 11. HP: 22/81 MP: 0/0
  9180 | D:9      | Learned a level 4 spell: Ice Form
  9496 | D:9      | Reached skill level 10 in Spellcasting
  9663 | D:9      | Found Lainuant's Magic Scroll Shop.
  9670 | D:9      | Found a glowing silver altar of Zin.
  9671 | D:9      | Bought a scroll of identify for 26 gold pieces
  9671 | D:9      | Bought a scroll of identify for 26 gold pieces
  9671 | D:9      | Bought a scroll of teleportation for 39 gold pieces
 10015 | D:9      | Found a staircase to the Lair.
 10054 | D:9      | Found a burning altar of Makhleb.
 10092 | D:9      | Became a worshipper of Makhleb the Destroyer
 10351 | D:9      | Reached skill level 11 in Spellcasting
 10711 | D:10     | Entered Level 10 of the Dungeon
 10758 | D:10     | Reached * piety under Makhleb
 10861 | D:10     | Noticed Grum
 11319 | D:10     | Killed Grum
 11476 | D:10     | Found a staircase to the Orcish Mines.
 12162 | D:10     | Noticed a two-headed ogre
 12167 | D:10     | Killed a two-headed ogre
 12415 | D:10     | Noticed a tengu warrior
 12590 | D:11     | Noticed a death knight
 12590 | D:11     | Noticed a skeletal warrior
 12837 | D:11     | Reached skill level 1 in Armour
 13350 | D:11     | Noticed a skeletal warrior
 13472 | Lair:1   | Entered Level 1 of the Lair of Beasts
 13595 | Lair:1   | Reached skill level 1 in Invocations
 13621 | Lair:1   | Reached skill level 12 in Spellcasting
 13647 | Lair:1   | Reached ** piety under Makhleb
 13648 | Lair:1   | Reached skill level 2 in Armour
 13648 | Lair:1   | Reached XP level 12. HP: 85/86 MP: 0/0
 13759 | Lair:1   | Identified the +2 trident "Arbiter" {freeze, rPois Int-4
                  | Dex+6 Stlth+}
 13865 | Lair:1   | Noticed a six-headed hydra
 13872 | Lair:1   | Reached skill level 3 in Armour
 13872 | Lair:1   | Reached skill level 2 in Invocations
 13878 | Lair:1   | Killed a six-headed hydra
 13879 | Lair:1   | Reached skill level 4 in Armour
 13879 | Lair:1   | Reached skill level 7 in Dodging
 13882 | Lair:1   | Reached skill level 3 in Invocations
 14318 | Lair:2   | Reached skill level 5 in Armour
 14332 | Lair:2   | Noticed Amaemon
 14338 | Lair:2   | Killed Amaemon
 14776 | Lair:2   | Reached skill level 4 in Invocations
 14852 | Lair:2   | Reached skill level 6 in Armour
 14863 | Lair:2   | Noticed an eight-headed hydra
 14872 | Lair:2   | Killed an eight-headed hydra
 14872 | Lair:2   | Reached *** piety under Makhleb
 14912 | Lair:2   | Reached skill level 8 in Dodging
 15084 | Lair:2   | Reached skill level 7 in Armour
 15278 | Lair:2   | Identified the +0 ring mail of Omupazeu {*Corrode Dex+5
                  | Stlth+}
 15323 | Lair:2   | Reached skill level 5 in Invocations
 15419 | Lair:2   | Reached XP level 13. HP: 92/92 MP: 0/0
 15419 | Lair:2   | Learned a level 5 spell: Silence
 15975 | Lair:3   | Reached skill level 8 in Armour
 16144 | Lair:3   | Reached skill level 6 in Invocations
 16164 | Lair:3   | Found a staircase to the Snake Pit.
 16327 | Lair:3   | Reached skill level 7 in Invocations
 16344 | Lair:3   | Reached skill level 8 in Invocations
 16509 | Lair:3   | Reached skill level 1 in Evocations
 16564 | Lair:3   | Noticed a seven-headed hydra
 16573 | Lair:3   | Killed a seven-headed hydra
 16574 | Lair:3   | Reached skill level 2 in Evocations
 16598 | Lair:3   | Noticed a four-headed hydra
 16608 | Lair:3   | Killed a four-headed hydra
 16656 | Lair:3   | HP: 8/93 [bullfrog (5)]
 16882 | Lair:3   | Reached skill level 3 in Evocations
 17426 | Lair:3   | Reached skill level 9 in Fighting
 17708 | Lair:3   | Found a staircase to the Shoals.
 17786 | Lair:3   | Reached skill level 4 in Evocations
 18665 | Lair:4   | Reached **** piety under Makhleb
 18671 | Lair:4   | Reached skill level 10 in Fighting
 19036 | Lair:4   | HP: 8/96 [death yak[a torpor snail] (10)]
 19036 | Lair:4   | Slain by a death yak

Vanquished Creatures
  4 hydras
  A boulder beetle (Lair:3)
  A two-headed ogre (D:10)
  Amaemon (Lair:2)
  17 elephants
  2 black mambas
  3 cane toads
  An orange demon (Lair:2)
  An unseen horror (D:8)
  A komodo dragon (Lair:3)
  Maggie (D:8)
  A freezing wraith (D:10)
  3 polar bears
  A merfolk (Lair:3)
  A hornet (D:10)
  A blink frog (Lair:2)
  A wraith (D:11)
  A basilisk (Lair:4)
  2 wyverns
  2 fire bats (Lair:1)
  36 yaks
  Grum (D:10)
  3 steam dragons
  4 nagas (Lair:3)
  3 wargs (D:9)
  2 acid dragons
  5 water moccasins
  Duvessa (D:5)
  5 ice beasts
  A sky beast (D:8)
  5 orc warriors
  A black bear (D:6)
  4 ogres
  32 wolves
  4 centaurs
  2 kobold brigands (D:9)
  2 phantoms
  11 bullfrogs
  3 scorpions
  10 wights (D:9)
  Dowan (D:5)
  20 killer bees
  6 howler monkeys
  10 electric eels
  3 jellies
  A hound (D:7)
  11 orc priests
  A sleepcap (D:8)
  3 iguanas (D:5)
  Ijyb (D:3)
  14 orc wizards
  4 gnolls (D:5)
  6 adders
  A shadow imp (D:7)
  3 white imps
  3 worms
  3 dart slugs
  38 orcs
  4 ball pythons
  5 bats
  10 endoplasms
  A giant cockroach (D:2)
  6 hobgoblins
  3 jackals (D:1)
  14 kobolds
  3 quokkas
  7 frilled lizards
  6 goblins
  4 rats
  A fire vortex (Lair:1)
374 creatures vanquished.

Vanquished Creatures (collateral kills)
  2 foxfires
2 creatures vanquished.

Vanquished Creatures (others)
  1135 foxfires
1135 creatures vanquished.

Grand Total: 1511 creatures vanquished

Table legend: (Time is in decaauts)
 A = Elapsed time spent in this place.
 B = Non-inter-level travel time spent in this place.
 C = Inter-level travel time spent in this place.
 D = Time resting spent in this place.
 E = Time spent auto-exploring this place.
 F = Levels seen in this place.
 G = Mean time per level.
                   A        B        C        D        E       F      G
               +--------+--------+--------+--------+--------+-----+--------+
         Total |  19072 |  18501 |    571 |   4152 |  11653 |  16 | 1192.0 |
       Dungeon |  13449 |  13002 |    447 |   2263 |   8872 |  11 | 1222.6 |
        Temple |     50 |     45 |      5 |      0 |     30 |   1 |   50.0 |
          Lair |   5572 |   5453 |    119 |   1889 |   2751 |   4 | 1393.0 |
               +--------+--------+--------+--------+--------+-----+--------+

Top non-repeatable levels by time:
  Lair:3: 2263 daAuts
     D:8: 2261 daAuts
  Lair:2: 1917 daAuts
     D:9: 1821 daAuts
    D:10: 1627 daAuts
     D:7: 1494 daAuts
  Lair:1: 1243 daAuts
     D:5: 1121 daAuts
     D:1: 1112 daAuts
     D:6: 947 daAuts
     D:4: 863 daAuts
     D:3: 789 daAuts
     D:2: 733 daAuts
    D:11: 676 daAuts
  Lair:4: 148 daAuts

Table legend:
 A = Non-vault XP
 B = Vault XP
 C = Vault XP percentage of total XP
 D = Non-vault monster count
 E = Vault monster count
 F = Vault count percentage of total count
                 A         B        C        D         E       F
            +---------+---------+-------+---------+---------+-------
      Total |   30185 |   13601 |  31.1 |     290 |      83 |  22.3
            +---------+---------+-------+---------+---------+-------
        D:1 |      46 |      10 |  17.9 |      26 |       4 |  13.3
        D:2 |      52 |       0 |   0.0 |      15 |       0 |   0.0
        D:3 |      95 |      36 |  27.5 |      18 |       1 |   5.3
        D:4 |      92 |       0 |   0.0 |       5 |       0 |   0.0
        D:5 |     883 |     204 |  18.8 |      17 |       2 |  10.5
        D:6 |    1142 |       0 |   0.0 |      21 |       0 |   0.0
        D:7 |     675 |       0 |   0.0 |      19 |       0 |   0.0
        D:8 |    3098 |     359 |  10.4 |      38 |       1 |   2.6
        D:9 |    3035 |     851 |  21.9 |      46 |      10 |  17.9
       D:10 |    2929 |     892 |  23.3 |      16 |      19 |  54.3
       D:11 |     437 |       0 |   0.0 |       3 |       0 |   0.0
     Lair:1 |     929 |    3797 |  80.3 |       7 |      26 |  78.8
     Lair:2 |    5447 |    3742 |  40.7 |      29 |       9 |  23.7
     Lair:3 |    9519 |    3710 |  28.0 |      22 |      11 |  33.3
     Lair:4 |    1806 |       0 |   0.0 |       8 |       0 |   0.0
            +---------+---------+-------+---------+---------+-------
